 Dungeon Crawl Stone Soup version 0.24.0-37-gcf1ca852f1 (webtiles) character file.

Game seed: 82644238030578502, levelgen mode: deterministic

184 sankara the Digger (level 5, -1/28 HPs)
             Began as a Gargoyle Earth Elementalist on Dec 3, 2019.
             Killed by divine providence
             ... invoked by an orc priest
              (14 damage)
             ... on level 4 of the Dungeon.
             The game lasted 00:12:16 (4367 turns).

sankara the Digger (Gargoyle Earth Elementalist)    Turns: 4367, Time: 00:12:17

Health: -1/28      AC:  6    Str: 12    XL:     5   Next: 63%
Magic:  1/8        EV: 12    Int: 16    God:
Gold:   174        SH:  0    Dex: 10    Spells: 1/8 levels left

rFire    + . .     SeeInvis .   s - +1 dagger (protect)
rCold    . . .     Gourm    .   (no shield)
rNeg     + . .     Faith    .   c - +0 robe
rPois    ∞         Spirit   .   (no helmet)
rElec    +         Reflect  .   (no cloak)
rCorr    .         Harm     .   (no gloves)
MR       .....                  (no boots)
Stlth    ++........             (no amulet)
HPRegen  0.09/turn              e - ring of protection from fire
MPRegen  0.11/turn              t - ring of wizardry

@: no status effects
A: negative energy resistance 1, electricity resistance, unbreathing,
petrification resistance, rot immunity, AC +4
a: no special abilities


You were on level 4 of the Dungeon.
You were not hungry.

You visited 1 branch of the dungeon, and saw 4 of its levels.

You collected 174 gold pieces.

Inventory:

Hand Weapons
 h - a +0 hunting sling
 s - a +1 dagger of protection (weapon)
Missiles
 a - a throwing net
 b - 71 stones (quivered)
 r - 19 poisoned darts
Armour
 c - a +0 robe (worn)
Jewellery
 e - a ring of protection from fire (left hand)
 q - an uncursed amulet of guardian spirit
 t - a ring of wizardry (right hand)
Scrolls
 g - a scroll of identify {unknown}
 i - 2 scrolls of remove curse
 k - 2 scrolls of fear
 m - 5 scrolls of teleportation {unknown}
 n - a scroll of fog {unknown}
 o - a scroll of enchant weapon {unknown}
 p - a scroll of enchant armour {unknown}
Potions
 f - a potion of flight {unknown}
 j - a potion of haste {unknown}
 l - a potion of invisibility {unknown}
 v - a potion of curing {unknown}
Comestibles
 d - 8 rations
 u - 2 chunks of flesh


   Skills:
 + Level 1.6 Dodging
 - Level 2.1 Stealth
 - Level 2.0 Spellcasting
 + Level 3.2 Conjurations
 - Level 0.7 Transmutations
 + Level 6.3 Earth Magic


You had one spell level left.
You knew the following spells:

 Your Spells              Type           Power        Failure   Level  Hunger
a - Sandblast             Erth           ###...       1%          1    #......
b - Passwall              Tmut/Erth      ##......     3%          2    ###....
c - Stone Arrow           Conj/Erth      ###...       3%          3    ###....
d - Animate Skeleton      Necr           N/A          9%          1    #......

Your spell library contained the following spells:

 Spells                   Type           Power        Failure   Level  Hunger
 Apportation              Tloc           #.....       9%          1    #......
 Confusing Touch          Hex            #.....       9%          1    #......
 Summon Small Mammal      Summ           #...         9%          1    #......
 Lee's Rapid Deconstruct  Erth           ###.......   17%         5    ######.
 Petrify                  Tmut/Erth      ##......     19%         4    #####..


Dungeon Overview and Level Annotations

Branches:
Dungeon (4/15)
 Temple: D:4-7

Altars:


Innate Abilities, Weirdness & Mutations

You are resistant to torment.
Your stone body is resilient. (AC +4)
You are immune to poison.
You resist negative energy. (rN+)
You are resistant to electric shocks. (rElec)
You can survive without breathing.
You are immune to petrification.
You are immune to rotting.


Message History

You see here an adder corpse.
Casting: Stone Arrow (safe; 3% risk of failure)
Confirm with . or Enter, or press ? or * to list all spells.
You attempt to give life to the dead...
Before your eyes, flesh is ripped from the corpse!
The dead are slithering!
The orc priest mumbles some strange prayers to Beogh against you.
Beogh smites you!
You see here a chunk of flesh.
Casting: Animate Skeleton (safe; 9% risk of failure)
Confirm with . or Enter, or press ? or * to list all spells.
Aiming: Stone Arrow (safe; 3% risk of failure)
Press: ? - help, Shift-Dir - straight line, f - orc priest
Aim: an orc priest The stone arrow hits the orc priest!
The orc priest is almost dead.
The orc priest invokes the aid of Beogh against you.
Beogh smites you!
Ouch! That really hurt!
You die...

### #.. #.# #.# ###
#.# ... ##<## ###.##
###...######
......###...........
..........#.@Z#.....
........####o##.###.
#.#.#...####o# #
#..........#o.
#.#.##.###.#... # #.
...o. #. ##.... #.
... #.


o You could see an orc priest, an orc wizard, 2 orcs and a friendly adder
skeleton.

Vanquished Creatures
  An orc priest (D:3)
  4 gnolls (D:3)
  5 adders
  An ooze (D:1)
  A worm (D:2)
  3 dart slugs (D:3)
  A leopard gecko (D:3)
  2 orcs (D:3)
  2 ball pythons
  7 bats
  2 giant cockroaches
  11 goblins
  4 hobgoblins
  2 jackals (D:3)
  4 kobolds
  A quokka (D:2)
  3 frilled lizards
  2 rats
56 creatures vanquished.

Vanquished Creatures (others)
  5 toadstools (D:1)
5 creatures vanquished.

Grand Total: 61 creatures vanquished

Notes
Turn   | Place    | Note
-------+----------+-------------------------------------------
     0 | D:1      | sankara the Gargoyle Earth Elementalist began the quest for
                  | the Orb.
     0 | D:1      | Reached XP level 1. HP: 10/10 MP: 3/3
   261 | D:1      | Reached skill level 4 in Earth Magic
   603 | D:1      | Reached XP level 2. HP: 10/15 MP: 5/5
  1258 | D:1      | Reached skill level 5 in Earth Magic
  1258 | D:1      | Reached XP level 3. HP: 17/19 MP: 6/6
  1282 | D:1      | Learned a level 2 spell: Passwall
  1286 | D:1      | Learned a level 3 spell: Stone Arrow
  2445 | D:2      | Reached skill level 1 in Conjurations
  3011 | D:3      | Reached XP level 4. HP: 24/24 MP: 4/7
  3729 | D:3      | Reached XP level 5. HP: 9/28 MP: 0/8
  3963 | D:3      | Reached skill level 6 in Earth Magic
  4320 | D:3      | Learned a level 1 spell: Animate Skeleton
  4367 | D:4      | Killed from afar by an orc priest

Levels and vault maps discovered:
D:1:      ldierk_walled_garden, layout_basic, serial_bayou,
          serial_bayou_lagoon_a, serial_bayou_crossing, serial_bayou_pond_d,
          serial_bayou_pond_e, minmay_misc_feat_plants
D:2:      layout_basic, kennysheep_small_spiral
D:3:      layout_basic, first_ration, serial_aquarium, aquarium_bridge_square
          [aquarium_subvault_window, aquarium_subvault_window,
          aquarium_subvault_wall, aquarium_subvault_bridge],
          aquarium_bridge_square [aquarium_subvault_window,
          aquarium_subvault_wall, aquarium_subvault_bridge,
          aquarium_subvault_wall], aquarium_window_fake, aquarium_window_1,
          aquarium_view_2e, aquarium_view_2c, minivault_19, item_on_display_a
D:4:      layout_loops_ring, nicolae_tso_swordbearing_angel

Skill      XL: |  1  2  3  4  5 |
---------------+----------------+-----
Earth Magic    | 4 5 6 |  6.3
Conjurations   | 1 2 3 |  3.2
Dodging        | |  1.6
Stealth        | |  2.1
Spellcasting   | |  2.0
Transmutations | |  0.7

Action                   |  1- 3 |  4- 6 || total
-------------------------+-------+-------++-------
Melee: Unarmed           |    63 |       ||    63
       Short sword       |    85 |     7 ||    92
       Dagger            |       |    70 ||    70
 Cast: Sandblast         |    16 |    11 ||    27
       Stone Arrow       |     4 |    10 ||    14
       Animate Skeleton  |       |     1 ||     1
  Use: Scroll            |     2 |       ||     2
 Stab: Sleeping          |     2 |     2 ||     4
  Eat: Chunk             |     4 |     6 ||    10
       Ration            |     1 |       ||     1
Armor: Robe              |    61 |    25 ||    86
Dodge: Dodged            |   134 |    65 ||   199
